[ AOE2 MATCH · #507243820 ]
UnrankedGoths vs Magyars
Player's team · WIN
Rival team · LOSS
[ REPLAY ANALYSIS · EXTRACTED FROM THE RECORDED GAME ]
Feudal
17:21
Castle
20:57
Imperial
35:07
| APM avg | 54.7 |
| APM peak | 111 |
| eAPM avg | 27.2 |
| Villagers / military | 167 / 166 |
Focus
⚔️ 35.3% · 🌾 64.7%
Huskarl ×84 · Spearman ×48 · Militia ×14 · Trebuchet (Packed) ×9 · Mangonel ×8 · Monk ×3
Feudal
9:58
Castle
25:44
Imperial
41:33
| APM avg | 32.3 |
| APM peak | 82 |
| eAPM avg | 15.1 |
| Villagers / military | 106 / 51 |
Focus
⚔️ 28.8% · 🌾 71.2%
Magyar Huszar ×37 · Scout Cavalry ×7 · Mangonel ×4 · Militia ×3
Match map
Initial resources + every placement click. Lines = walls · curves = elevation contours. ◆ gold · ⬟ stone · ● berries · ✦ relic · ◌ wall gap
Your base· ✓ Closed at 20:57 · 0t walls · 4 gate(s)
brantosaurus's base· ✓ Closed at 25:44 · 3t walls · 2 gate(s) · fragile
Smoothed initial terrain · ◌ = detected wall gap · hover for details
Inputs per minute
— catorce - - brantosaurus
Build order — catorce
First 150 of 503 actions detected
| 0:00 | Queue | Villager (Male) |
| 0:00 | Queue | Villager (Male) |
| 0:01 | Queue | Villager (Male) |
| 0:01 | Queue | Villager (Male) |
| 0:02 | Build | House |
| 0:03 | Build | House |
| 1:28 | Queue | Villager (Male) |
| 1:36 | Research | Loom |
| 1:45 | Queue | Villager (Male) |
| 1:57 | Queue | Villager (Male) |
| 2:25 | Queue | Villager (Male) |
| 2:25 | Queue | Villager (Male) |
| 2:54 | Queue | Villager (Male) |
| 2:57 | Build | Lumber Camp |
| 2:58 | Queue | Villager (Male) |
| 3:37 | Queue | Villager (Male) |
| 3:52 | Queue | Villager (Male) |
| 3:54 | Build | House |
| 4:30 | Queue | Villager (Male) |
| 4:56 | Queue | Villager (Male) |
| 5:26 | Queue | Villager (Male) |
| 5:26 | Queue | Villager (Male) |
| 5:41 | Build | House |
| 5:58 | Build | House |
| 6:21 | Queue | Villager (Male) |
| 6:25 | Queue | Villager (Male) |
| 6:43 | Queue | Villager (Male) |
| 7:15 | Queue | Villager (Male) |
| 7:30 | Build | Outpost |
| 7:47 | Build | Barracks |
| 7:51 | Queue | Villager (Male) |
| 8:09 | Build | Mining Camp |
| 8:26 | Queue | Villager (Male) |
| 8:42 | Queue | Militia |
| 8:42 | Queue | Militia |
| 8:49 | Queue | Villager (Male) |
| 8:53 | Build | Mill |
| 9:08 | Queue | Villager (Male) |
| 9:10 | Build | House |
| 9:33 | Queue | Militia |
| 9:54 | Queue | Villager (Male) |
| 9:54 | Queue | Militia |
| 9:54 | Queue | Militia |
| 9:56 | Build | Farm |
| 10:09 | Queue | Villager (Male) |
| 10:12 | Build | Farm |
| 10:24 | Queue | Militia |
| 10:27 | Queue | Villager (Male) |
| 10:28 | Queue | Militia |
| 10:47 | Build | House |
| 10:48 | Build | House |
| 11:01 | Build | Farm |
| 11:02 | Build | Farm |
| 11:04 | Queue | Villager (Male) |
| 11:53 | Queue | Militia |
| 11:54 | Queue | Villager (Male) |
| 12:14 | Queue | Villager (Male) |
| 12:20 | Queue | Villager (Male) |
| 12:22 | Queue | Militia |
| 12:28 | Build | Farm |
| 12:29 | Build | Farm |
| 12:37 | Queue | Militia |
| 12:45 | Queue | Militia |
| 13:07 | Queue | Villager (Male) |
| 13:10 | Queue | Villager (Male) |
| 13:13 | Build | Farm |
| 13:29 | Queue | Militia |
| 13:56 | Queue | Villager (Male) |
| 13:58 | Build | Farm |
| 13:59 | Build | Farm |
| 14:01 | Build | Farm |
| 14:03 | Build | Farm |
| 14:19 | Build | Farm |
| 14:22 | Queue | Villager (Male) |
| 15:11 | Research | Feudal Age |
| 15:12 | Research | Feudal Age |
| 15:15 | Build | House |
| 15:54 | Build | Farm |
| 15:57 | Build | Farm |
| 16:09 | Build | Farm |
| 16:47 | Queue | Villager (Male) |
| 16:47 | Queue | Villager (Male) |
| 17:19 | Queue | Villager (Male) |
| 17:21 | Age | Feudal Age |
| 17:25 | Build | Market |
| 17:27 | Build | Blacksmith |
| 17:45 | Research | Double-Bit Axe |
| 18:00 | Build | Watch Tower |
| 18:17 | Research | Castle Age |
| 18:17 | Research | Castle Age |
| 18:32 | Build | Mining Camp |
| 18:33 | Research | Horse Collar |
| 19:20 | Research | Gold Mining |
| 19:20 | Research | Stone Mining |
| 19:59 | Research | Stone Mining |
| 20:57 | Age | Castle Age |
| 20:58 | Queue | Villager (Male) |
| 21:11 | Build | Town Center |
| 21:12 | Queue | Villager (Male) |
| 21:23 | Queue | Villager (Male) |
| 21:31 | Research | Bow Saw |
| 21:40 | Build | Town Center |
| 22:00 | Build | Watch Tower |
| 22:12 | Queue | Villager (Male) |
| 22:20 | Queue | Villager (Male) |
| 22:20 | Queue | Villager (Male) |
| 22:32 | Queue | Villager (Male) |
| 22:39 | Queue | Villager (Male) |
| 22:42 | Build | Farm |
| 22:43 | Build | Farm |
| 22:49 | Queue | Villager (Male) |
| 22:54 | Queue | Villager (Male) |
| 22:55 | Queue | Villager (Male) |
| 23:00 | Build | Palisade Wall |
| 23:03 | Build | Palisade Wall |
| 23:04 | Build | Palisade Wall |
| 23:08 | Build | Palisade Wall |
| 23:11 | Build | Palisade Wall |
| 23:12 | Queue | Villager (Male) |
| 23:16 | Queue | Villager (Male) |
| 23:16 | Queue | Villager (Male) |
| 23:19 | Build | Monastery |
| 23:20 | Build | Farm |
| 23:22 | Queue | Villager (Male) |
| 23:31 | Queue | Villager (Male) |
| 23:41 | Build | Outpost |
| 23:47 | Queue | Villager (Male) |
| 23:50 | Queue | Villager (Male) |
| 24:02 | Queue | Monk |
| 24:08 | Build | Farm |
| 24:11 | Queue | Villager (Male) |
| 24:20 | Build | Siege Workshop |
| 24:21 | Queue | Villager (Male) |
| 24:21 | Queue | Villager (Male) |
| 24:24 | Build | House |
| 24:26 | Build | House |
| 24:26 | Build | House |
| 24:28 | Build | House |
| 24:29 | Queue | Villager (Male) |
| 24:34 | Research | Wheelbarrow |
| 24:37 | Research | Town Watch |
| 24:42 | Queue | Villager (Male) |
| 24:48 | Queue | Villager (Male) |
| 24:54 | Queue | Mangonel |
| 24:54 | Queue | Mangonel |
| 24:57 | Build | House |
| 25:10 | Queue | Villager (Male) |
| 25:16 | Build | Farm |
| 25:21 | Build | Farm |
| 25:22 | Queue | Villager (Male) |
Build order — brantosaurus
First 150 of 276 actions detected
| 0:00 | Queue | Villager (Male) |
| 0:00 | Queue | Villager (Male) |
| 0:02 | Build | House |
| 0:04 | Build | House |
| 0:09 | Queue | Villager (Male) |
| 0:15 | Queue | Villager (Male) |
| 1:30 | Queue | Villager (Male) |
| 2:00 | Queue | Villager (Male) |
| 2:03 | Queue | Villager (Male) |
| 2:12 | Build | Lumber Camp |
| 2:52 | Queue | Villager (Male) |
| 3:25 | Queue | Villager (Male) |
| 3:28 | Build | House |
| 3:29 | Build | House |
| 3:38 | Queue | Villager (Male) |
| 4:08 | Queue | Villager (Male) |
| 4:20 | Queue | Villager (Male) |
| 4:36 | Build | Mill |
| 4:44 | Queue | Villager (Male) |
| 5:13 | Queue | Villager (Male) |
| 5:49 | Queue | Villager (Male) |
| 5:56 | Queue | Villager (Male) |
| 6:11 | Queue | Villager (Male) |
| 6:39 | Research | Loom |
| 7:14 | Queue | Villager (Male) |
| 7:48 | Research | Feudal Age |
| 8:01 | Build | Barracks |
| 8:44 | Build | Mining Camp |
| 8:45 | Queue | Villager (Male) |
| 9:02 | Build | Palisade Wall |
| 9:05 | Queue | Militia |
| 9:06 | Queue | Militia |
| 9:07 | Queue | Villager (Male) |
| 9:11 | Build | House |
| 9:12 | Build | House |
| 9:23 | Build | House |
| 9:58 | Age | Feudal Age |
| 10:06 | Queue | Militia |
| 10:11 | Queue | Villager (Male) |
| 10:21 | Queue | Villager (Male) |
| 10:25 | Research | Double-Bit Axe |
| 10:26 | Queue | Villager (Male) |
| 10:29 | Build | Mining Camp |
| 10:30 | Queue | Villager (Male) |
| 10:54 | Research | Man-at-Arms (upgrade) |
| 11:02 | Build | Watch Tower |
| 11:05 | Queue | Villager (Male) |
| 11:21 | Queue | Villager (Male) |
| 12:20 | Build | Palisade Wall |
| 13:17 | Build | Watch Tower |
| 13:29 | Build | Farm |
| 13:30 | Build | Farm |
| 13:31 | Build | Farm |
| 13:34 | Build | Farm |
| 13:57 | Build | House |
| 14:00 | Build | Palisade Wall |
| 14:01 | Build | Palisade Wall |
| 14:05 | Build | House |
| 14:36 | Build | House |
| 14:41 | Build | Farm |
| 14:47 | Build | Farm |
| 14:47 | Queue | Villager (Male) |
| 15:15 | Build | Farm |
| 15:27 | Build | Farm |
| 15:27 | Queue | Villager (Male) |
| 15:37 | Build | Watch Tower |
| 15:41 | Queue | Villager (Male) |
| 15:54 | Queue | Villager (Male) |
| 16:08 | Build | Farm |
| 16:29 | Build | House |
| 16:33 | Build | Lumber Camp |
| 16:34 | Queue | Villager (Male) |
| 16:34 | Queue | Villager (Male) |
| 16:48 | Build | Watch Tower |
| 16:49 | Queue | Villager (Male) |
| 16:59 | Build | Farm |
| 17:08 | Queue | Villager (Male) |
| 17:09 | Queue | Villager (Male) |
| 17:18 | Queue | Villager (Male) |
| 17:25 | Queue | Villager (Male) |
| 17:47 | Research | Horse Collar |
| 18:00 | Queue | Villager (Male) |
| 18:18 | Build | Watch Tower |
| 18:21 | Queue | Villager (Male) |
| 19:00 | Build | Farm |
| 19:01 | Build | Farm |
| 19:02 | Queue | Villager (Male) |
| 19:25 | Queue | Villager (Male) |
| 19:42 | Queue | Villager (Male) |
| 20:03 | Research | Wheelbarrow |
| 20:09 | Build | Farm |
| 20:12 | Build | Farm |
| 20:32 | Build | Blacksmith |
| 20:33 | Build | House |
| 20:43 | Build | Farm |
| 21:21 | Build | Farm |
| 21:42 | Build | Farm |
| 21:45 | Build | Farm |
| 21:48 | Queue | Villager (Male) |
| 22:32 | Build | Market |
| 22:34 | Queue | Villager (Male) |
| 23:00 | Build | Farm |
| 23:04 | Research | Castle Age |
| 23:24 | Build | Farm |
| 23:27 | Build | Farm |
| 23:38 | Build | Farm |
| 23:43 | Build | Farm |
| 24:03 | Build | House |
| 24:05 | Build | House |
| 24:06 | Build | House |
| 24:10 | Build | House |
| 24:41 | Queue | Villager (Male) |
| 24:42 | Queue | Villager (Male) |
| 25:13 | Build | Farm |
| 25:44 | Age | Castle Age |
| 25:49 | Build | Castle |
| 26:04 | Build | Farm |
| 26:24 | Research | Fletching |
| 26:40 | Queue | Villager (Male) |
| 26:41 | Queue | Villager (Male) |
| 26:46 | Build | Siege Workshop |
| 26:47 | Queue | Villager (Male) |
| 26:58 | Queue | Villager (Male) |
| 27:17 | Queue | Villager (Male) |
| 27:23 | Queue | Mangonel |
| 27:23 | Queue | Mangonel |
| 27:24 | Queue | Villager (Male) |
| 27:30 | Build | Barracks |
| 27:33 | Build | Lumber Camp |
| 27:44 | Research | Bow Saw |
| 27:45 | Queue | Villager (Male) |
| 27:55 | Queue | Villager (Male) |
| 28:08 | Build | Castle |
| 28:15 | Build | Farm |
| 28:52 | Queue | Villager (Male) |
| 29:45 | Queue | Villager (Male) |
| 30:05 | Queue | Mangonel |
| 30:05 | Queue | Mangonel |
| 30:07 | Queue | Villager (Male) |
| 30:11 | Build | Stable |
| 30:46 | Queue | Scout Cavalry |
| 30:47 | Queue | Scout Cavalry |
| 30:47 | Queue | Scout Cavalry |
| 30:48 | Queue | Villager (Male) |
| 31:08 | Queue | Scout Cavalry |
| 31:08 | Queue | Villager (Male) |
| 31:44 | Queue | Scout Cavalry |
| 31:45 | Queue | Villager (Male) |
| 32:29 | Queue | Scout Cavalry |
| 32:29 | Queue | Scout Cavalry |
Match timeline
| 7:47 | catorce · first_building Barracks |
| 8:01 | brantosaurus · first_building Barracks |
| 9:02 | brantosaurus · wall_segment Palisade Wall x1 |
| 9:58 | brantosaurus · age_up feudal |
| 12:20 | brantosaurus · wall_segment Palisade Wall x1 |
| 14:00 | brantosaurus · wall_segment Palisade Wall x1 |
| 14:01 | brantosaurus · wall_segment Palisade Wall x1 |
| 17:21 | catorce · age_up feudal |
| 20:57 | catorce · age_up castle |
| 21:00 | catorce · first_market_buy 100 wood |
| 23:00 | catorce · wall_segment Palisade Wall x1 |
| 23:03 | catorce · wall_segment Palisade Wall x1 |
| 23:04 | catorce · wall_segment Palisade Wall x1 |
| 23:08 | catorce · wall_segment Palisade Wall x1 |
| 23:11 | catorce · wall_segment Palisade Wall x2 |
| 23:19 | catorce · first_building Monastery |
| 24:20 | catorce · first_building Siege Workshop |
| 25:44 | brantosaurus · age_up castle |
| 25:49 | brantosaurus · first_building Castle |
| 26:46 | brantosaurus · first_building Siege Workshop |
| 27:20 | brantosaurus · first_market_sell 500 wood |
| 30:11 | brantosaurus · first_building Stable |
| 32:57 | catorce · first_building Castle |
| 33:27 | brantosaurus · first_market_buy 100 stone |
| 35:07 | catorce · age_up imperial |
| 37:47 | catorce · first_market_sell 100 wood |
| 41:33 | brantosaurus · age_up imperial |
| 42:37 | brantosaurus · first_building Monastery |
| 45:34 | brantosaurus · resign |
[ AI ANALYSIS · 1 CREDIT ]
What really happened in this match?
Wolo.gg analyzes every decision: build order, eco, micro, common mistakes by bracket. Personalized analysis on WhatsApp or Discord in 30 seconds.
Civ guide
Goths
Perfil
Jugador #3284705